 Dungeon Crawl Stone Soup version 0.30.1 (webtiles) character file.

Game seed: 12122521128568491259

31390 cowcol the Severer (level 13, -8/119 HPs)
             Began as a Minotaur Fighter on July 11, 2023.
             Was a High Priest of Okawaru.
             Mangled by an Executioner (18 damage)
             ... on level 4 of the Abyss.
             The game lasted 00:45:03 (14349 turns).

cowcol the Severer (Minotaur Fighter)              Turns: 14349, Time: 00:45:04

Health: -8/119     AC: 26    Str: 23    XL:     13   Next: 25%
Magic:  0/15       EV: 10    Int:  5    God:    Okawaru [*****.]
Gold:   719        SH:  6    Dex: 13    Spells: 12/12 levels left

rFire   . . .        E - +8 broad axe (flame)
rCold   . . .        c - +0 buckler
rNeg    . . .        J - +0 plate armour
rPois   +            (helmet restricted)
rElec   .            L - +1 cloak
rCorr   .            (no gloves)
SInv    .            m - +2 pair of boots
Will    .....        P - amulet of guardian spirit Stlth
                     i - ring of poison resistance
HPRegen 0.39/turn    (no ring)
MPRegen 0.14/turn

%: guardian spirit
@: heroic, glowing
A: horns 2, retaliatory headbutt, iridescent scales 1, wild magic 1
a: Renounce Religion, Heroism, Finesse, Duel


You were on level 4 of the Abyss.
You worshipped Okawaru.
Okawaru was extremely pleased with you.
You visited 2 branches of the dungeon, and saw 12 of its levels.
You visited the Abyss 1 time.
You also visited: Sewer and Gauntlet.

You collected 794 gold pieces.
You spent 75 gold pieces at shops.

Inventory:

Hand Weapons
 a - a +0 war axe
 p - a +0 battleaxe
 v - the +7 hand axe "Embalmer" {elec, *Corrode *Slow rF+++ rC++}
   (You found it on level 3 of the Dungeon)

   rF:        It renders you almost immune to fire.
   rC:        It greatly protects you from cold.
   *Corrode:  It may corrode you when you take damage.
   *Slow:     It may slow you when you take damage.
 E - a +8 broad axe of flaming (weapon)
 I - a +0 club
 M - the +7 flail "Anyacw" {heavy, rElec rPois}
   (You found it on level 9 of the Dungeon)

   rElec:     It insulates you from electricity.
   rPois:     It protects you from poison.
 S - the +3 broad axe of Forgiveness {drain, *Noise Str+4 Int+3}
   (Okawaru gifted it to you on level 3 of the Abyss)

   Str:       It affects your strength (+4).
   Int:       It affects your intelligence (+3).
   *Noise:    It may make noises in combat.
Missiles
 d - 18 poisoned darts
 j - 8 boomerangs (quivered)
 G - 8 javelins
Armour
 b - a +0 scale mail
 c - a +0 buckler (worn)
 e - a +0 cloak
 m - a +2 pair of boots (worn)
 D - a +0 chain mail
 J - a +0 plate armour (worn)
 L - a +1 cloak (worn)
 Q - a +2 ring mail of poison resistance
Jewellery
 i - a ring of poison resistance (left hand)
 A - a ring of flight
 H - a ring of ice
 N - a ring of wizardry
 O - an amulet of reflection
 P - an amulet of guardian spirit (around neck)
 R - the ring "Zoupuf" {Ice rPois MP+9 Int-4 SInv}
   (You found it in a Gauntlet)

   [ring of ice]

   It enhances your ice magic.
   Int:       It affects your intelligence (-4).
   rF:        It makes you vulnerable to fire.
   rC:        It protects you from cold.
   rPois:     It protects you from poison.
   MP:        It affects your magic capacity (+9).
   SInv:      It lets you see invisible.
Wands
 u - a wand of flame (10)
 z - a wand of quicksilver (1)
 K - a wand of mindburst (6)
Scrolls
 g - 4 scrolls of teleportation
 h - 3 scrolls of poison
 k - 3 scrolls of fear
 l - 3 scrolls of fog
 s - a scroll of blinking
 w - a scroll of amnesia
 y - 3 scrolls of immolation
 C - 5 scrolls of identify
Potions
 f - 3 potions of resistance
 n - a potion of mutation
 o - 5 potions of heal wounds
 q - a potion of berserk rage {unknown}
 r - a potion of lignification {unknown}
 t - 2 potions of haste
 x - a potion of might
 B - 6 potions of curing
 F - 2 potions of cancellation {unknown}


   Skills:
 + Level 12.9(17.9) Fighting
 + Level 17.3(22.3) Axes
 - Level 4.4(9.4) Throwing
 - Level 12.6(17.6) Armour
 + Level 0.7(5.7) Dodging
 + Level 5.6(10.6) Shields
 - Level 4.5 Invocations
 + Level 2.4 Evocations


You had 12 spell levels left.
You didn't know any spells.
Your spell library contained the following spells:

 Spells                   Type           Power      Damage    Failure   Level
 Lesser Beckoning         Tloc           0%         N/A       100%        2
 Gell's Gravitas          Tloc           0%         N/A       100%        3
 Ozocubu's Armour         Ice            0%         N/A       100%        3
 Teleport Other           Tloc           0%         N/A       100%        3
 Volatile Blastmotes      Fire/Tloc      0%         2d10      100%        3
 Fulminant Prism          Conj/Hex       0%         3d5       100%        4
 Iskenderun's Mystic Bla  Conj/Tloc      0%         2d3       100%        4
 Petrify                  Tmut/Erth      0%         N/A       100%        4
 Blade Hands              Tmut           0%         N/A       100%        5
 Lee's Rapid Deconstruct  Erth           0%         3d4*      100%        5
 Metabolic Englaciation   Hex/Ice        0%         N/A       100%        5
 Iron Shot                Conj/Erth      0%         9d1       100%        6
 Statue Form              Tmut/Erth      0%         N/A       100%        6
 Ozocubu's Refrigeration  Ice            0%         4d7       100%        7
 Animate Armour           Summ/Erth      Unusable   N/A       N/A         4

Dungeon Overview and Level Annotations

Branches:
Dungeon (11/15)            Temple (0/1) D:7            Lair (1/5) D:11
    Orc (0/2) D:9           Sewer (visited)         Gauntlet (visited)

Altars:
Okawaru
Xom

Shops:
D:2 ?   D:3 **   D:6 (

Annotations:
Abyss:4 1 transporter Gauntlet 13 transporters


Innate Abilities, Weirdness & Mutations

You have a pair of horns on your head.
You reflexively headbutt those who attack you in melee.
You are partially covered in iridescent scales. (AC +2)
Your spells are a little harder to cast, but a little more powerful.


Message History

You block the Executioner's attack. x2
The Executioner hits you but does no damage.
The daeva hits you with a +3 scimitar of holy wrath.
The daeva hits you but does no damage.
Okay, then.
You gain the combat prowess of a mighty hero.
The Executioner hits you but does no damage. x3
The Executioner hits you! The Executioner completely misses you.
The Executioner barely misses you. The Executioner misses you.
The Executioner hits you but does no damage. x2
The daeva hits you but does no damage. x2
You feel more confident with your borrowed prowess.
The Executioner hits you.
The Executioner hits you but does no damage.
The Executioner hits you. You block the Executioner's attack.
The Executioner closely misses you.
The Executioner hits you but does no damage.
The Executioner hits you! You block the Executioner's attack.
The Executioner hits you but does no damage.
The daeva hits you with a +3 scimitar of holy wrath!
* * * LOW HITPOINT WARNING * * *
The daeva hits you but does no damage.
You slash the Executioner! You burn the Executioner.
The Executioner is heavily wounded.
You slash the daeva! You burn the daeva. The Executioner closely misses you.
The Executioner hits you but does no damage. x2
The Executioner hits you!
* * * LOW HITPOINT WARNING * * *
The Executioner barely misses you.
The Executioner hits you but does no damage. x3
You block the Executioner's attack.
Blink to where?
Press: ? - help, Dir - move target
Found a transporter.
As you read the scroll of blinking, it crumbles to dust.
The daeva calls down the wrath of the Shining One upon you.
The Shining One smites you!
* * * LOW HITPOINT WARNING * * *
The Executioner hits you!!
You die...

### φ+###
#..###..#
#.@...#
#..11.##
#.......#
+..#'#.A+
##. ©#§##
## ####


You could see a Hell Sentinel, a daeva and an Executioner (fast).

Vanquished Creatures
  Erolcha (D:9)
  A centaur warrior (D:10)
  3 two-headed ogres (D:11)
  A tengu warrior (D:11)
  3 skeletal warriors (D:11)
  A wizard (Gauntlet)
  2 oklob plants (D:11)
  A worldbinder (Gauntlet)
  A cyclops (D:11)
  Maurice (D:9)
  Maggie (D:10)
  2 unseen horrors
  A hellion (Abyss:4)
  A kobold demonologist (D:11)
  A tengu conjurer (D:11)
  A troll (D:10)
  6 yaks (D:9)
  A vampire (D:10)
  A wyvern (D:8)
  A basilisk (Lair:1)
  2 water moccasins
  2 sky beasts (D:7)
  2 orc warriors
  2 black bears (D:8)
  6 wolves (Lair:1)
  An ogre (D:5)
  8 centaurs
  A boggart (Gauntlet)
  2 phantoms (D:5)
  5 kobold brigands
  4 scorpions
  3 bullfrogs
  4 wights (D:9)
  10 killer bees
  6 howler monkeys
  8 hounds
  A quasit (Abyss:3)
  A jelly (D:6)
  A gnoll bouda (D:7)
  5 orc priests
  4 iguanas
  5 orc wizards
  2 sleepcaps
  12 gnolls
  5 river rats (Sewer)
  9 adders
  2 shadow imps (Gauntlet)
  3 white imps (Gauntlet)
  3 ufetubi
  2 worms (D:3)
  2 dart slugs
  18 orcs
  5 bats
  6 endoplasms
  9 giant cockroaches
  5 goblins
  4 hobgoblins
  8 quokkas
  10 ball pythons
  6 frilled lizards
  34 kobolds
  20 rats
279 creatures vanquished.

Notes
Turn   | Place    | Note
-------+----------+-------------------------------------------
     0 | D:1      | cowcol the Minotaur Fighter began the quest for the Orb.
     0 | D:1      | Reached XP level 1. HP: 19/19 MP: 0/0
    52 | D:1      | Found a faded altar of an unknown god.
   529 | D:1      | Reached XP level 2. HP: 26/27 MP: 1/1
  1020 | D:2      | Reached skill level 3 in Axes
  1074 | D:2      | Reached XP level 3. HP: 33/33 MP: 2/2
  1190 | D:2      | Found The Oracle's Delphic Readings.
  1311 | D:2      | Found a shimmering altar of Xom.
  1604 | D:3      | Found Veurre's Assorted Antiques.
  1616 | D:3      | Bought a scroll of identify for 50 gold pieces
  1631 | D:3      | Found Poqips's Assorted Antiques.
  1716 | D:3      | Bought a scroll labelled FEAREC NIGIT UCI for 25 gold
                  | pieces
  1779 | D:3      | Reached XP level 4. HP: 28/40 MP: 3/3
  1887 | D:3      | Found an iron altar of Okawaru.
  1897 | D:3      | Became a worshipper of Warmaster Okawaru
  1905 | D:3      | Identified the +7 hand axe "Embalmer" {elec, *Corrode *Slow
                  | rF+++ rC++}
  2503 | D:4      | Found a glowing drain.
  2523 | Sewer    | Entered a sewer
  2565 | Sewer    | Noticed a kobold brigand
  2565 | Sewer    | Noticed a kobold brigand
  2575 | Sewer    | Killed a kobold brigand
  2576 | Sewer    | Reached skill level 4 in Axes
  2576 | Sewer    | Reached XP level 5. HP: 27/47 MP: 4/4
  2580 | Sewer    | Reached skill level 5 in Axes
  2580 | Sewer    | Reached skill level 5 in Armour
  2786 | Sewer    | Reached XP level 6. HP: 53/53 MP: 5/5
  2878 | Sewer    | Reached * piety under Okawaru
  2925 | Sewer    | Reached skill level 5 in Fighting
  2925 | Sewer    | Reached skill level 6 in Axes
  3750 | D:4      | Reached skill level 1 in Throwing
  4307 | D:5      | Entered Level 5 of the Dungeon
  4518 | D:5      | Reached XP level 7. HP: 61/61 MP: 6/6
  4683 | D:5      | Reached skill level 7 in Axes
  5146 | D:5      | Reached ** piety under Okawaru
  5277 | D:5      | Reached skill level 8 in Axes
  5277 | D:5      | Reached XP level 8. HP: 70/70 MP: 7/7
  5701 | D:6      | Reached skill level 9 in Axes
  5869 | D:6      | Reached skill level 1 in Evocations
  5878 | D:6      | Found Veejav's Hydra Hut.
  5888 | D:6      | Noticed a six-headed hydra
  6201 | D:6      | Identified the +1 robe "Kuappell" {Harm Drain rElec rCorr}
  6472 | D:6      | Gained mutation: You are robust. (+10% HP) [potion of
                  | mutation]
  6472 | D:6      | Gained mutation: You occasionally lose the ability to read
                  | scrolls when taking damage. [potion of mutation]
  6472 | D:6      | Gained mutation: You have a somewhat thin skeletal
                  | structure. (Dex +2, Stealth+) [potion of mutation]
  6473 | D:6      | Lost mutation: You are robust. (+10% HP) [potion of
                  | mutation]
  6473 | D:6      | Lost mutation: You occasionally lose the ability to read
                  | scrolls when taking damage. [potion of mutation]
  6473 | D:6      | Lost mutation: You have a somewhat thin skeletal structure.
                  | (Dex +2, Stealth+) [potion of mutation]
  6473 | D:6      | Gained mutation: You are dopey. (Int -2) [potion of
                  | mutation]
  6473 | D:6      | Gained mutation: You are occasionally teleported next to
                  | monsters. [potion of mutation]
  6473 | D:6      | Lost mutation: You are dopey. (Int -2) [potion of mutation]
  6473 | D:6      | Gained mutation: Your flesh is cold resistant. (rC+)
                  | [potion of mutation]
  6474 | D:6      | Lost mutation: You are occasionally teleported next to
                  | monsters. [potion of mutation]
  6474 | D:6      | Lost mutation: Your flesh is cold resistant. (rC+) [potion
                  | of mutation]
  6474 | D:6      | Gained mutation: You are somewhat resistant to further
                  | mutation. [potion of mutation]
  6474 | D:6      | Gained mutation: Your spells are a little harder to cast,
                  | but a little more powerful. [potion of mutation]
  6474 | D:6      | Gained mutation: You are dopey. (Int -2) [potion of
                  | mutation]
  6475 | D:6      | Lost mutation: You are somewhat resistant to further
                  | mutation. [potion of mutation]
  6475 | D:6      | Lost mutation: You are dopey. (Int -2) [potion of mutation]
  6475 | D:6      | Gained mutation: You are partially covered in iridescent
                  | scales. (AC +2) [potion of mutation]
  6768 | D:7      | Found a staircase to the Ecumenical Temple.
  6780 | D:7      | Reached skill level 10 in Axes
  7080 | D:7      | Reached XP level 9. HP: 58/78 MP: 8/8
  7426 | D:7      | Reached *** piety under Okawaru
  7937 | D:8      | Reached skill level 11 in Axes
  8279 | D:8      | Identified a scroll of acquirement
  8280 | D:8      | Acquired a +4 broad axe of flaming
  8841 | D:9      | Reached **** piety under Okawaru
  8842 | D:9      | Reached skill level 12 in Axes
  8850 | D:9      | Received a gift from Okawaru
  8910 | D:9      | Reached XP level 10. HP: 72/88 MP: 9/9
  9397 | D:9      | Noticed Erolcha
  9407 | D:9      | Killed Erolcha
  9408 | D:9      | Reached skill level 13 in Axes
  9561 | D:9      | Identified the +7 flail "Anyacw" {heavy, rElec rPois}
  9570 | D:9      | Noticed Maurice
  9589 | D:9      | Killed Maurice
  9969 | D:9      | Found a staircase to the Orcish Mines.
 10039 | D:9      | Reached ***** piety under Okawaru
 10316 | D:9      | Reached skill level 10 in Fighting
 10316 | D:9      | Reached skill level 14 in Axes
 10316 | D:9      | Reached XP level 11. HP: 101/101 MP: 9/13
 10381 | D:10     | Entered Level 10 of the Dungeon
 11098 | D:10     | Noticed Maggie
 11104 | D:10     | Killed Maggie
 11401 | D:10     | Noticed a centaur warrior
 11407 | D:10     | Killed a centaur warrior
 11408 | D:10     | Reached skill level 15 in Axes
 11751 | D:10     | Reached XP level 12. HP: 112/112 MP: 14/14
 11782 | D:11     | Noticed a two-headed ogre
 11793 | D:11     | Killed a two-headed ogre
 11794 | D:11     | Reached skill level 16 in Axes
 11924 | D:11     | Noticed a tengu warrior
 11937 | D:11     | Killed a tengu warrior
 11960 | D:11     | Identified the +5 dagger "Diotrea" {heavy, Int+2 Dex+2
                  | Stlth+} (Okawaru gifted it to you on level 11 of the
                  | Dungeon)
 11960 | D:11     | Received a gift from Okawaru
 12162 | D:11     | Noticed a two-headed ogre
 12172 | D:11     | Killed a two-headed ogre
 12181 | D:11     | Reached XP level 13. HP: 103/118 MP: 13/15
 12306 | D:11     | Reached skill level 5 in Shields
 12306 | D:11     | Found a staircase to the Lair.
 12853 | D:11     | Reached skill level 17 in Axes
 13212 | Lair:1   | Entered Level 1 of the Lair of Beasts
 13301 | Lair:1   | Found a gate leading to a gauntlet.
 13311 | Gauntlet | Entered a Gauntlet
 13311 | Gauntlet | Found a transporter.
 13311 | Gauntlet | Found a transporter.
 13323 | Gauntlet | Found a transporter.
 13324 | Gauntlet | Found a transporter.
 13336 | Gauntlet | Found a transporter.
 13382 | Gauntlet | Found a transporter.
 13398 | Gauntlet | Found a transporter.
 13410 | Gauntlet | Found a transporter.
 13493 | Gauntlet | Found a transporter.
 13641 | Gauntlet | Found a transporter.
 13661 | Gauntlet | Found a transporter.
 13672 | Gauntlet | Found a transporter.
 13675 | Gauntlet | Found a transporter.
 13690 | Gauntlet | Found a transporter.
 13817 | Gauntlet | Found a transporter.
 13827 | Gauntlet | Found a transporter.
 14214 | Gauntlet | Identified the ring "Zoupuf" {Ice rPois MP+9 Int-4 SInv}
 14248 | Abyss:3  | Cast into level 3 of the Abyss (a wizard)
 14275 | Abyss:3  | Identified the +3 broad axe of Forgiveness {drain, *Noise
                  | Str+4 Int+3} (Okawaru gifted it to you on level 3 of the
                  | Abyss)
 14275 | Abyss:3  | Received a gift from Okawaru
 14299 | Abyss:4  | Found a corrupted altar of Lugonu.
 14335 | Abyss:4  | Noticed a daeva
 14339 | Abyss:4  | Noticed an Executioner
 14344 | Abyss:4  | Noticed a Hell Sentinel
 14349 | Abyss:4  | Found a transporter.
 14349 | Abyss:4  | Mangled by an Executioner

Illustrated notes

Levels and vault maps discovered:
D:1:      matt_arrival_diagonals, layout_loops_cross,
          hellmonk_ecumenical_altar_pennies_from_heaven, hangedman_decor_points,
          minmay_misc_feat_secret_circle
D:2:      layout_loops_ring, basic_altar, minivault_14,
          nicolae_nh_oracle_at_delphi
D:3:      layout_rooms, okawaru_ov_weapons_minmay, serial_shops, shop,
          nicolae_shop_tiny_glass
D:4:      layout_basic, gup_sewer_entry_pipe
D:5:      layout_basic, nicolae_figureground_sparkle
D:6:      layout_layer_cave, doesnt_shop_hydraphobe
D:7:      layout_loops_ring, minmay_temple_entry_large_hall
D:8:      layout_gridville
D:9:      layout_long_grid, orc_0_dummy, uniq_maurice, uniq_erolcha
D:10:     layout_loops_ring, uniq_maggie
D:11:     layout_loops_ring, dpeg_oklobed_lair
Lair:1:   layout_gridlike, gauntlet_entry_generic
Abyss:4:  base: D:3, minivault_27, gammafunk_abyss_rune_reverse_zot
Gauntlet: gammafunk_gauntlet_branching [nicolae_gauntlet_arena_x,
          gammafunk_gauntlet_arena_chambers, nicolae_gauntlet_arena_blocks,
          gammafunk_gauntlet_arena_grid, gammafunk_gauntlet_arena_spirals,
          gammafunk_gauntlet_arena_crates, gammafunk_gauntlet_arena_hedges,
          gammafunk_gauntlet_arena_split_diamond, gauntlet_exit_green]

Skill      XL: |  1  2  3  4  5  6  7  8  9 10 11 12 13 |
---------------+----------------------------------------+-----
Armour         | 4 5 6 8 9 11 12 | 12.6
Fighting       | 4 5 6 8 10 11 12 | 12.9
Axes           | 3 4 5 6 8 10 12 14 15 16 17 | 17.3
Shields        | 4 5 |  5.6
Throwing       | 1 2 4 |  4.4
Evocations     | 1 2 |  2.4
Invocations    | 4 |  4.5
Dodging        | |  0.7

Action                     |  1- 3 |  4- 6 |  7- 9 | 10-12 | 13-15 || total
---------------------------+-------+-------+-------+-------+-------++-------
  Melee: War axe           |    93 |   134 |   224 |       |       ||   451
         Headbutt          |     7 |    16 |    49 |    21 |    12 ||   105
         Broad axe         |       |       |    31 |   112 |    77 ||   220
  Throw: Boomerang         |     6 |    11 |    26 |    24 |     1 ||    68
 Invoke: Heroism           |       |     1 |     2 |     3 |     3 ||     9
  Evoke: Wand              |       |       |     1 |     5 |     7 ||    13
    Use: Scroll            |     4 |     6 |     8 |     2 |     1 ||    21
         Potion            |       |     3 |     7 |     6 |     4 ||    20
 Armour: Scale mail        |    44 |    79 |    79 |       |       ||   202
         Chain mail        |       |       |    50 |     8 |       ||    58
         Plate armour      |       |       |       |    76 |    94 ||   170
  Dodge: Dodged            |    45 |    70 |    94 |    27 |    38 ||   274
  Block: Buckler           |    17 |    28 |    50 |    46 |    38 ||   179
         Reflection        |       |       |       |    12 |     9 ||    21
